 Dungeon Crawl Stone Soup version 0.13.1-2-gfb2c2b7 (webtiles) character file.

151 Lilouch the Skirmisher (level 3, -5/28 HPs)
             Began as a Demonspawn Chaos Knight on Dec 12, 2013.
             Was a Plaything of Xom.
             Killed from afar by Sigmund (10 damage)
             ... with a wand of magic darts
             ... on Level 2 of the Dungeon.
             The game lasted 00:03:04 (1385 turns).

Lilouch the Skirmisher (Demonspawn Chaos Knight)    Turns: 1385, Time: 00:03:04

HP  -5/28        AC  5     Str 13      XL: 3   Next: 62%
MP   3/3         EV 10     Int 13      God: Xom
Gold 98          SH  0     Dex 15      Spells:  0 memorised,  2 levels left

Res.Fire  : . . .   See Invis. : .   a - +0 spear (chaos) {=f}
Res.Cold  : . . .   Warding    : .   b - +2 leather armour
Life Prot.: . . .   Conserve   : .   (no shield)
Res.Poison: .       Res.Corr.  : .   (no helmet)
Res.Elec. : .       Clarity    : .   (no cloak)
Sust.Abil.: . .     Spirit.Shd : .   (no gloves)
Res.Mut.  : .       Stasis     : .   (no boots)
Res.Rott. : .       Flight     : .   (no amulet)
Saprovore : . . .                    (no ring)
                                     i - +3 ring of dexterity

@: not resistant to hostile enchantments, unstealthy
A: powered by pain 1
a: Renounce Religion


You were on level 2 of the Dungeon.
You worshipped Xom.
You were a toy of Xom.
You were not hungry.

You visited 1 branch of the dungeon, and saw 2 of its levels.

You collected 78 gold pieces.

Inventory:

Hand weapons
 a - a +0,+0 spear of chaos (weapon) {=f}
Missiles
 m - 13 poisoned needles
Armour
 b - a +2 leather armour (worn)
Comestibles
 c - a bread ration
 f - a pear
 h - a meat ration
 o - a chunk of adder flesh
 p - a choko
Scrolls
 e - a scroll of teleportation {unknown}
 l - a scroll of identify {unknown}
 n - 2 scrolls of remove curse {unknown}
 q - a scroll of noise {unknown}
Jewellery
 i - a +3 ring of dexterity (left hand)
Potions
 d - a potion of restore abilities {unknown}
 g - a potion of brilliance {unknown}
 k - a potion of flight {unknown}


   Skills:
 + Level 3.6 Fighting
 + Level 3.2 Polearms
 + Level 2.5 Armour
 - Level 0.8 Dodging


You had 2 spell levels left.
You didn't know any spells.

Dungeon Overview and Level Annotations

Branches:
Dungeon (2/27)

Altars:
Vehumet

Annotations:
D:2 Sigmund


Innate Abilities, Weirdness & Mutations

You sometimes gain a little power by taking damage.


Message History

You hit Sigmund.
You heal Sigmund.
Sigmund is completely healed.
Xom thinks this is hilarious!
Xom does a drum roll.
You hear a shout!
Sigmund barely misses you.
You hit Sigmund. You freeze Sigmund.
Sigmund is moderately wounded.
Sigmund casts a spell at you. The puff of flame hits you!
A hobgoblin comes into view. It is wielding a club.
You hit Sigmund. You burn Sigmund.
Sigmund is moderately wounded.
Sigmund zaps a wand.
The magic dart hits you!
* * * LOW HITPOINT WARNING * * *
You hit Sigmund. You freeze Sigmund.
Sigmund is heavily wounded.
You hit Sigmund but do no damage.
Sigmund is heavily wounded.
Sigmund zaps a wand.
The magic dart hits you!
You die...
Xom roars with laughter!

.#....... ....#!_.#..
........... ........#..
###### .........g ......
.........# ######
.$..@.....# ##@# ####@.#
######### #.(.%##
#........ #.####
#.....%.. ####.#####
#........ #........###
#........
#..........#####........
#........#.....'........
#....(...#######...<....
##.####### ######'##


You could see Sigmund and a hobgoblin.

Vanquished Creatures
  2 adders (D:2)
  A worm (D:2)
  A ball python (shapeshifter) (D:1)
  3 giant cockroaches
  3 hobgoblins
  A kobold (D:1)
  A quokka (D:1)
  4 bats
  2 giant newts
  2 goblins (D:1)
  2 jackals (D:1)
  7 rats
29 creatures vanquished.

Notes
Turn   | Place    | Note
--------------------------------------------------------------
     0 | D:1      | Lilouch, the Demonspawn Chaos Knight, began the quest for the Orb.
     0 | D:1      | Reached XP level 1. HP: 16/16 MP: 1/1
   129 | D:1      | Gained mutation: You sometimes gain a little power by taking damage. [demonic ancestry]
   129 | D:1      | Reached XP level 2. HP: 9/22 MP: 2/2
   359 | D:1      | XOM: harmless Divn miscast
   901 | D:2      | HP: 1/22 [rat (1)]
  1166 | D:2      | XOM: silly message
  1223 | D:2      | Reached XP level 3. HP: 24/28 MP: 3/3
  1367 | D:2      | Found a radiant altar of Vehumet.
  1368 | D:2      | Noticed Sigmund
  1381 | D:2      | XOM: noise
  1385 | D:2      | Killed from afar by Sigmund

Action                   || total
-------------------------++-------
Melee: Spear             ||   134
 Stab: Sleeping          ||     1
       Petrifying        ||     2
